 Dungeon Crawl Stone Soup version 0.31-a0-16-g6d2539766c (webtiles) character file.

Game seed: 57310035974719821

161 Pooter the Chopper (level 5, -5/47 HPs)
             Began as a Minotaur Berserker on May 8, 2023.
             Was a Believer of Trog.
             Killed from afar by an orc wizard (10 damage)
             ... with a magic dart
             ... on level 3 of the Dungeon.
             The game lasted 00:11:05 (2074 turns).

Pooter the Chopper (Minotaur Berserker)             Turns: 2074, Time: 00:11:05

Health: -5/47      AC:  5    Str: 24    XL:     5   Next: 18%
Magic:  0/4        EV: 11    Int:  4    God:    Trog [**....]
Gold:   11         SH:  0    Dex:  9    Spells: 4/4 levels left

rFire   . . .        a - +0 hand axe
rCold   . . .        (no shield)
rNeg    . . .        l - +0 ring mail of Amorality {Rampage Will+ Stlth-}
rPois   .            (helmet restricted)
rElec   .            (no cloak)
rCorr   .            (no gloves)
SInv    .            (no boots)
Will    +++..        G - amulet of guardian spirit Stlth
                     (no ring)
HPRegen 1.27/turn    (no ring)
MPRegen 0.09/turn

%: guardian spirit, rampage
@: brilliant, strong-willed (expiring), on berserk cooldown, attractive, flying,
regenerating (expiring), hasted and slowed
A: horns 2, retaliatory headbutt
a: Renounce Religion, Berserk, Trog's Hand


You were on level 3 of the Dungeon.
You worshipped Trog.
Trog was pleased with you.
You visited 1 branch of the dungeon, and saw 3 of its levels.

You collected 77 gold pieces.
You spent 66 gold pieces at shops.

Inventory:

Hand Weapons
 a - a +0 hand axe (weapon)
Missiles
 j - 5 boomerangs (quivered)
 Q - 16 stones
Armour
 b - a +0 animal skin
 l - the +0 ring mail of Amorality (worn) {Rampage Will+ Stlth-}
   (You found it on level 3 of the Dungeon)

   Rampage:   It bestows one free step when moving towards enemies.
   Will:      It increases your willpower.
   Stlth:     It makes you less stealthy.
Jewellery
 G - an amulet of guardian spirit (around neck)
   (You found it on level 2 of the Dungeon)
Scrolls
 d - 2 scrolls of magic mapping
 g - a scroll of poison {!r}
 i - a scroll of enchant weapon {unknown}
 k - 3 scrolls of noise {unknown}
 n - a scroll of blinking
 o - a scroll of enchant armour {unknown}
 p - a scroll of brand weapon {unknown}
 t - 2 scrolls of teleportation {@r4}
Potions
 c - a potion of brilliance
 e - a potion of attraction {!q}
 h - a potion of haste {@q3}


   Skills:
 + Level 4.5 Fighting
 * Level 5.3 Axes
 - Level 2.4 Armour
 - Level 2.1 Dodging
 * Level 2.7 Stealth


You had 4 spell levels left.
You didn't know any spells.
Your spell library was empty.

Dungeon Overview and Level Annotations

Branches:
Dungeon (3/15)

Altars:
Nemelex Xobeh
Okawaru
Trog
Wu Jian

Shops:
D:1 *   D:3 :=


Innate Abilities, Weirdness & Mutations

You have a pair of horns on your head.
You reflexively headbutt those who attack you in melee.


Message History

The hobgoblin barely misses you. You furiously retaliate!
You headbutt the hobgoblin!
You kill the hobgoblin!
Trog accepts your kill. Something hits you but does no damage.
Something hits you but does no damage. Something hits you.
* * * LOW MAGIC WARNING * * *
* * * LOW HITPOINT WARNING * * *
You hit something. You miss something. Something hits you but does no damage.
Something hits you.
* * * LOW HITPOINT WARNING * * *
Your skin crawls.
You feel strong-willed. Something hits you.
* * * LOW MAGIC WARNING * * *
* * * LOW HITPOINT WARNING * * *
Something hits you.
* * * LOW HITPOINT WARNING * * *
It was a potion of attraction.
You feel attractive to monsters. Something hits you but does no damage.
Something hits you.
* * * LOW MAGIC WARNING * * *
* * * LOW HITPOINT WARNING * * *
It was a potion of flight.
You feel very buoyant.
You fly up into the air.
You feel the effects of Trog's Hand fading.
Something hits you.
* * * LOW HITPOINT WARNING * * *
Something hits you but does no damage.
It was a potion of curing.
You feel better. Something hits you.
* * * LOW HITPOINT WARNING * * *
Something hits you.
* * * LOW HITPOINT WARNING * * *
You barely miss something. You hit something.
You hear some strange, mumbled words.
A magic dart appears from out of thin air!
The magic dart hits you.
* * * LOW HITPOINT WARNING * * *
Something hits you.
* * * LOW HITPOINT WARNING * * *
You barely miss something. You miss something.
You hear some strange, mumbled words.
A magic dart appears from out of thin air!
The magic dart hits you!
You die...

## #### #
##.#... #.
##.....#
#..#......###
..........
#......##
#...|..####..
#.@{.........
## #.#
###{..####...
# .## #.#
##..........
.# ..# #.#
#.#####.#
.###. ..# #.#
#)# ... ..#
#.# ##'## #.#
..# #.##
##..o## #.#
..# #..#
##.....##
##.# ..#
##..#
##......o##
##..#


There were no monsters in sight!

Vanquished Creatures
  An orc priest (D:3)
  Jessica (D:2)
  3 adders
  A worm (D:2)
  A dart slug (D:2)
  2 orcs (D:3)
  4 ball pythons
  5 bats
  4 endoplasms
  2 giant cockroaches
  4 goblins
  11 hobgoblins
  3 jackals (D:1)
  6 quokkas
  2 frilled lizards
  9 kobolds
  6 rats
65 creatures vanquished.

Notes
Turn   | Place    | Note
-------+----------+-------------------------------------------
     0 | D:1      | Pooter the Minotaur Berserker began the quest for the Orb.
     0 | D:1      | Reached XP level 1. HP: 19/19 MP: 0/0
    58 | D:1      | Reached XP level 2. HP: 26/27 MP: 1/1
   123 | D:1      | Reached skill level 4 in Axes
   141 | D:1      | Reached skill level 1 in Stealth
   235 | D:1      | Reached ** piety under Trog
   437 | D:1      | Reached XP level 3. HP: 32/33 MP: 2/2
   516 | D:1      | Found Zetatzum's Assorted Antiques.
   521 | D:1      | Bought a scroll labelled WAFIAX TEBACEETA for 17 gold
                  | pieces
   521 | D:1      | Bought a scroll labelled FEOSOG ESUAFIW for 17 gold pieces
   708 | D:1      | Found a faded altar of an unknown god.
   882 | D:2      | Noticed Jessica
   891 | D:2      | Killed Jessica
   892 | D:2      | Reached XP level 4. HP: 40/40 MP: 1/3
   985 | D:1      | Bought a scroll labelled FAGUL AMIQ for 17 gold pieces
  1442 | D:3      | Identified the +0 ring mail of Amorality {Rampage Will+
                  | Stlth-}
  1456 | D:3      | Reached skill level 5 in Axes
  1536 | D:1      | Bought a bubbling inky potion for 15 gold pieces
  1644 | D:3      | Found an iron altar of Okawaru.
  1645 | D:3      | Found an ornate altar of the Wu Jian Council.
  1646 | D:3      | Found a bloodstained altar of Trog.
  1646 | D:3      | Found a sparkling altar of Nemelex Xobeh.
  1810 | D:3      | Found Vuteikoz's Jewellery Shop.
  1827 | D:3      | Found Naotytzeume's Book Emporium.
  2065 | D:3      | Reached XP level 5. HP: 22/47 MP: 2/4
  2069 | D:3      | HP: 2/47 [something (3)]
  2074 | D:3      | Killed from afar by an orc wizard

Illustrated notes

Levels and vault maps discovered:
D:1:      scummos_arrival_hexagon, layout_basic,
          shapermc_ecumenical_altar_mp_vishouse, serial_shops,
          nicolae_shop_rolling_square
D:2:      layout_rooms, uniq_jessica
D:3:      layout_loops_corners, mainiacjoe_overflow_alcove_3, serial_shops,
          nicolae_shop_tiny_real_fake_doors, shop, shop, minmay_distorted

Skill      XL: |  1  2  3  4 |
---------------+-------------+-----
Axes           | 4 5 |  5.3
Stealth        | 1 2 |  2.7
Fighting       | 4 |  4.5
Armour         | |  2.4
Dodging        | |  2.1

Action                     |  1- 3 |  4- 6 || total
---------------------------+-------+-------++-------
  Melee: Hand axe          |    62 |    57 ||   119
         Headbutt          |    11 |    10 ||    21
  Throw: Boomerang         |       |     2 ||     2
 Invoke: Berserk           |     2 |     1 ||     3
         Trog's Hand       |       |     2 ||     2
    Use: Scroll            |     3 |     1 ||     4
         Potion            |       |     5 ||     5
   Stab: Sleeping          |     1 |     1 ||     2
 Armour: Animal skin       |    12 |     5 ||    17
         Ring mail         |       |    10 ||    10
  Dodge: Dodged            |    46 |    26 ||    72

Table legend: (Time is in decaauts)
 A = Elapsed time spent in this place.
 B = Non-inter-level travel time spent in this place.
 C = Inter-level travel time spent in this place.
 D = Time resting spent in this place.
 E = Time spent auto-exploring this place.
 F = Levels seen in this place.
 G = Mean time per level.
                   A        B        C        D        E       F      G
               +--------+--------+--------+--------+--------+-----+--------+
         Total |   2113 |   1986 |    127 |     71 |   1483 |   3 |  704.3 |
       Dungeon |   2113 |   1986 |    127 |     71 |   1483 |   3 |  704.3 |
               +--------+--------+--------+--------+--------+-----+--------+

Top non-repeatable levels by time:
     D:1: 821 daAuts
     D:2: 715 daAuts
     D:3: 577 daAuts
